 Dungeon Crawl Stone Soup version 0.31-a0-355-g57cb03d3e8 (webtiles) character file.

Game seed: 14496130939430400248

44 bobarctor the Ruffian (level 3, -5/35 HPs)
             Began as a Troll Gladiator on July 24, 2023.
             Was a Follower of Sif Muna.
             Slain by Crazy Yiuf
             ... wielding a +4 quarterstaff of chaos
              (10 damage)
             ... on level 2 of the Dungeon.
             The game lasted 00:03:21 (997 turns).

bobarctor the Ruffian (Troll Gladiator)              Turns: 997, Time: 00:03:22

Health: -5/35      AC:  4    Str: 22    XL:     3   Next: 39%
Magic:  2/2        EV: 10    Int:  4    God:    Sif Muna [*.....]
Gold:   52         SH:  0    Dex: 13    Spells: 2/2 levels left

rFire   . .          .
                       - Unarmed
rCold   . . .        (no shield)
rNeg    . . .        a - +0 robe
rPois   .            b - +0 hat
rElec   .            (no cloak)
rCorr   .            (gloves unavailable)
SInv    .            (boots unavailable)
Will    .....        (no amulet)
Stlth   +            (no ring)
HPRegen 1.05/turn    (no ring)
MPRegen 0.08/turn

%: no passive effects
@: lethally poisoned (-5 -> -7)
A: large, unfitting armour, claws 3, regeneration 1, shaggy fur 1, tough skin 1
a: Renounce Religion, Channel Magic


You were on level 2 of the Dungeon.
You worshipped Sif Muna.
Sif Muna was aware of your devotion.
You visited 1 branch of the dungeon, and saw 2 of its levels.

You collected 52 gold pieces.

Inventory:

Missiles
 c - 3 throwing nets
 d - a large rock
 f - 2 curare-tipped darts
 k - 2 poisoned darts (quivered)
Armour
 a - a +0 robe (worn)
 b - a +0 hat (worn)
Wands
 m - a wand of roots (5)
Scrolls
 e - a scroll of fog {unknown}
 l - 2 scrolls of identify {unknown}
Potions
 g - 2 potions of lignification {unknown}
 h - a potion of enlightenment {unknown}
 i - a potion of mutation {unknown}
 j - a potion of might {unknown}


   Skills:
 + Level 1.6 Fighting
 + Level 1.8 Throwing
 + Level 2.8 Dodging
 * Level 4.0 Unarmed Combat


You had 2 spell levels left.
You didn't know any spells.
Your spell library contained the following spells:

 Spells                   Type           Power      Damage    Failure   Level
 Inner Flame              Hex/Fire       0%         N/A       86%         3
 Yara's Violent Unravell  Hex/Tmut       0%         3d3       100%        5
 Enfeeble                 Hex            0%         N/A       100%        7


Dungeon Overview and Level Annotations

Branches:
Dungeon (2/15)

Altars:
Sif Muna

Annotations:
D:2 Crazy Yiuf


Innate Abilities, Weirdness & Mutations

You are too large for most types of armour.
You have claws for hands.
Your natural rate of healing is unusually fast.
You are covered in fur. (AC +1)
You have tough skin. (AC +1)


Message History

The dart slug launches a dart at you. The slug dart hits you.
Found a viscous green potion.
You claw the dart slug!
You kill the dart slug!
Sif Muna accepts your kill.
You see here a dart slug corpse.
Found a stone staircase leading down.
g - 2 viscous green potions (gained 1)
l - 2 scrolls labelled GADWOT ULOIPLO (gained 1)
Found a hammer.
Found a runed translucent door.
You open the door.
Crazy Yiuf shouts!
Throw: 4 darts (poison)
Press: ? - help, Q - select action, (/) - cycle Shift-Dir - straight line, f - Crazy Yiuf
Aim: Crazy Yiuf, wielding a +4 quarterstaff of chaos and wearing a +0 cloak (56% to hit)
You throw a poisoned dart.
The poisoned dart barely misses Crazy Yiuf.
Throw: 3 darts (poison)
Press: ? - help, Q - select action, (/) - cycle Shift-Dir - straight line, f/p - Crazy Yiuf
Aim: Crazy Yiuf, wielding a +4 quarterstaff of chaos and wearing a +0 cloak (56% to hit)
You throw a poisoned dart.
The poisoned dart barely misses Crazy Yiuf.
You scratch Crazy Yiuf.
Crazy Yiuf is lightly wounded.
You closely miss Crazy Yiuf.
Crazy Yiuf is lightly wounded.
Crazy Yiuf hits you with a +4 quarterstaff of chaos.
You are poisoned.
You scratch Crazy Yiuf but do no damage.
Crazy Yiuf is lightly wounded.
You feel very sick.
Crazy Yiuf hits you with a +4 quarterstaff of chaos!
You are electrocuted!
* * * LOW HITPOINT WARNING * * *
You closely miss Crazy Yiuf.
Crazy Yiuf is lightly wounded.
You feel sick.
Crazy Yiuf hits you with a +4 quarterstaff of chaos!
You die...

...........# #
#####.####.# #.#
#.## #..# ##.#
#.###♣♣ ###
#....P♣♣ ♣♣#..)#
#.....P♣♣♣♣@g..(#
##...P..♣..♣#...#
##....♣.♣♣♣ ###
###♣♣♣♣♣


You could see Crazy Yiuf.

Vanquished Creatures
  An adder (D:2)
  2 dart slugs
  2 ball pythons
  4 endoplasms
  3 hobgoblins
  2 jackals (D:2)
  A quokka (D:1)
  2 frilled lizards
  4 goblins
  4 kobolds (D:1)
  4 rats
29 creatures vanquished.

Notes
Turn   | Place    | Note
-------+----------+-------------------------------------------
     0 | D:1      | bobarctor the Troll Gladiator began the quest for the Orb.
     0 | D:1      | Reached XP level 1. HP: 19/19 MP: 0/0
   221 | D:1      | Reached XP level 2. HP: 26/27 MP: 1/1
   254 | D:1      | Found a faded altar of an unknown god.
   271 | D:1      | Prayed at the altar of an unknown god.
   271 | D:1      | Became a worshipper of Sif Muna the Loreminder
   271 | D:1      | Reached * piety under Sif Muna
   715 | D:2      | Reached XP level 3. HP: 35/35 MP: 2/2
   923 | D:2      | Reached skill level 4 in Unarmed Combat
   987 | D:2      | Found a runed translucent door.
   988 | D:2      | Noticed Crazy Yiuf
   997 | D:2      | Slain by Crazy Yiuf

Illustrated notes

Levels and vault maps discovered:
D:1:      shiori_arrival_elements, layout_basic, ebering_ecumenical_altar_ruins
D:2:      layout_basic, uniq_natasha, uniq_crazy_yiuf_cottage

Skill      XL: |  1  2  3 |
---------------+----------+-----
Unarmed Combat | 4 |  4.0
Fighting       | |  1.6
Throwing       | |  1.8
Dodging        | |  2.8

Action                     || total
---------------------------++-------
  Melee: Unarmed           ||    60
         Punch             ||     1
  Throw: Dart              ||     2
   Stab: Sleeping          ||     2
 Armour: Robe              ||    10
  Dodge: Dodged            ||    27

Table legend: (Time is in decaauts)
 A = Elapsed time spent in this place.
 B = Non-inter-level travel time spent in this place.
 C = Inter-level travel time spent in this place.
 D = Time resting spent in this place.
 E = Time spent auto-exploring this place.
 F = Levels seen in this place.
 G = Mean time per level.
                   A        B        C        D        E       F      G
               +--------+--------+--------+--------+--------+-----+--------+
         Total |    991 |    963 |     28 |      0 |    732 |   2 |  495.5 |
       Dungeon |    991 |    963 |     28 |      0 |    732 |   2 |  495.5 |
               +--------+--------+--------+--------+--------+-----+--------+

Top non-repeatable levels by time:
     D:1: 601 daAuts
     D:2: 390 daAuts
